 Dungeon Crawl Stone Soup version 0.27-a0-1181-g5f64966fcc (webtiles) character file.

Game seed: 7871398331897057860

38 leviel the Chopper (level 3, -1/33 HPs)
             Began as a Hill Orc Monk on May 17, 2021.
             Slain by a goblin
             ... wielding a +0 club
              (2 damage)
             ... on level 2 of the Dungeon.
             The game lasted 00:01:16 (1410 turns).

leviel the Chopper (Hill Orc Monk)                  Turns: 1410, Time: 00:01:16

Health: -1/33      AC:  3    Str: 14    XL:     3   Next: 43%
Magic:  3/3        EV: 12    Int: 10    God:
Gold:   31         SH:  0    Dex: 13    Spells: 2/2 levels left

rFire    . . .     SeeInvis .   a - +0 hand axe
rCold    . . .     Faith    .   (no shield)
rNeg     . . .     Spirit   .   b - +0 robe
rPois    .         Reflect  .   (no helmet)
rElec    .         Harm     .   (no cloak)
rCorr    .         Rampage  .   (no gloves)
Will     .....                  f - +0 pair of boots
Stlth    ++........             (no amulet)
HPRegen  0.11/turn              (no ring)
MPRegen  0.08/turn              (no ring)

@: no status effects
A: no striking features
a: no special abilities


You were on level 2 of the Dungeon.
You visited 1 branch of the dungeon, and saw 2 of its levels.

You collected 31 gold pieces.

Inventory:

Hand Weapons
 a - a +0 hand axe (weapon)
Armour
 b - a +0 robe (worn)
 f - a +0 pair of boots (worn)
Jewellery
 c - an amulet of reflection
Scrolls
 d - a scroll of identify {unknown}
 g - a scroll of torment {unknown}
Potions
 e - a potion of ambrosia {unknown}
 h - a potion of haste {unknown}


   Skills:
 + Level 4.1 Fighting
 + Level 4.8 Axes
 + Level 2.8 Dodging
 + Level 1.6 Stealth


You had 2 spell levels left.
You didn't know any spells.
Your spell library contained the following spells:

 Spells                   Type           Power      Damage    Failure   Level
 Magic Dart               Conj           0%         1d3       36%         1
 Searing Ray              Conj           0%         3d3       50%         2
 Dazzling Flash           Conj/Hex       0%         N/A       75%         3
 Fulminant Prism          Conj/Hex       0%         3d6       98%         4
 Iskenderun's Mystic Bla  Conj/Tloc      0%         2d3       98%         4


Dungeon Overview and Level Annotations

Branches:
Dungeon (2/15)

Altars:
Vehumet


Message History

You closely miss the quokka. The quokka bites you.
* * * LOW HITPOINT WARNING * * *
The hobgoblin barely misses you. The quokka bites you.
* * * LOW HITPOINT WARNING * * *
You hit the hobgoblin.
The hobgoblin is almost dead.
You barely miss the quokka. The hobgoblin barely misses you.
The quokka bites you but does no damage.
You hit the hobgoblin.
You kill the hobgoblin!
You hit the quokka but do no damage. The quokka misses you.
The ball python barely misses you. x2
Unknown command.
The quokka closely misses you. The quokka closely misses you.
The quokka bites you.
* * * LOW HITPOINT WARNING * * *
You closely miss the quokka. The quokka closely misses you.
You slash the quokka!
You kill the quokka!
The ball python bites you but does no damage.
The ball python grabs you. The ball python constricts you.
You closely miss the ball python.
The ball python bites you but does no damage.
* * * LOW HITPOINT WARNING * * *
The ball python constricts you.
You closely miss the ball python.
The ball python bites you but does no damage.
* * * LOW HITPOINT WARNING * * *
The ball python constricts you.
You hit the ball python.
You kill the ball python!
You hit the goblin.
The goblin is heavily wounded.
The goblin hits you with a +0 club.
* * * LOW HITPOINT WARNING * * *
You hit the goblin but do no damage.
The goblin is heavily wounded.
The goblin hits you with a +0 club.
You die...

.. # . #. ...#.#.
.#.#. # ... #. #(#
#.#.g##.# #.....Jg#
###..##g# #..# ###..
#@# #..# .....##.#
#..# ......#.# #..#
.._....†####..#
..............#####
.....##.####.##†..####
#...#
#................ #.#.
######<###.#....# # #
#.# .# ....


You could see an endoplasm, a hobgoblin and a goblin.

Vanquished Creatures
  A worm (D:2)
  4 dart slugs (D:1)
  An endoplasm (D:1)
  2 giant cockroaches (D:1)
  A goblin (D:1)
  3 hobgoblins
  3 jackals (D:1)
  A quokka (D:2)
  3 ball pythons
  A bat (D:1)
  2 frilled lizards (D:1)
  A kobold (D:1)
  3 rats (D:1)
26 creatures vanquished.

Notes
Turn   | Place    | Note
-------+----------+-------------------------------------------
     0 | D:1      | leviel the Hill Orc Monk began the quest for the Orb.
     0 | D:1      | Reached XP level 1. HP: 19/19 MP: 1/1
   173 | D:1      | Reached XP level 2. HP: 16/27 MP: 2/2
   891 | D:1      | Reached XP level 3. HP: 25/33 MP: 3/3
  1345 | D:2      | Found a radiant altar of Vehumet.
  1409 | D:2      | HP: 1/33 [goblin/+0 club (3)]
  1410 | D:2      | Slain by a goblin

Illustrated notes

Levels and vault maps discovered:
D:1:      co_arrival_random_square_maze, layout_rooms, minmay_crystal_water
D:2:      layout_loops_ring, basic_altar, hellmonk_ecumenical_altar_lost_god,
          skrybe_limestone_x, minmay_tiny_reverse_x, uniq_crazy_yiuf_cottage

Skill      XL: |  1  2 |
---------------+-------+-----
Fighting       | 4 |  4.1
Axes           | |  4.8
Dodging        | |  2.8
Stealth        | |  1.6

Action                   || total
-------------------------++-------
Melee: Hand axe          ||   105
 Stab: Sleeping          ||     1
Armor: Robe              ||    25
Dodge: Dodged            ||    62

Table legend: (Time is in decaauts)
 A = Elapsed time spent in this place.
 B = Non-inter-level travel time spent in this place.
 C = Inter-level travel time spent in this place.
 D = Time resting spent in this place.
 E = Time spent auto-exploring this place.
 F = Levels seen in this place.
 G = Mean time per level.
                   A        B        C        D        E       F      G
               +--------+--------+--------+--------+--------+-----+--------+
         Total |   1418 |   1402 |     16 |      0 |   1193 |   2 |  709.0 |
       Dungeon |   1418 |   1402 |     16 |      0 |   1193 |   2 |  709.0 |
               +--------+--------+--------+--------+--------+-----+--------+

Top non-repeatable levels by time:
     D:1: 1324 daAuts
     D:2: 94 daAuts
